 Dungeon Crawl Stone Soup version 0.28-a0-771-g91a516d0e7 (webtiles) character file.

Game seed: 13308794283113156478

156 Conn the Firebug (level 5, -6/32 HPs)
             Began as an Octopode Fire Elementalist on Nov 1, 2021.
             Was an Initiate of Sif Muna.
             Shot with an arrow by a centaur (12 damage)
             ... on level 4 of the Dungeon.
             The game lasted 00:04:05 (4004 turns).

Conn the Firebug (Octopode Fire Elementalist)       Turns: 4004, Time: 00:04:06

Health: -6/32      AC:  1    Str:  7    XL:     5   Next: 38%
Magic:  4/9        EV: 13    Int: 19    God:    Sif Muna [......]
Gold:   184        SH:  0    Dex: 12    Spells: 8/9 levels left

rFire   . . .      SeeInvis .   f - +0 hand axe (venom)
rCold   . . .      Faith    .   (no shield)
rNeg    . . .      Spirit   .   (helmet restricted)
rPois   .          Reflect  .   (no amulet)
rElec   .          Harm     .   g - +4 ring of slaying
rCorr   .          Rampage  .   (no ring)
Will    .....                   (no ring)
Stlth   +++.......              (no ring)
HPRegen 0.10/turn               (no ring)
MPRegen 0.11/turn               (no ring)
                                (no ring)
                                (no ring)

@: no status effects
A: almost no armour, amphibious, 8 rings, camouflage 1, gelatinous body 1,
(nimble swimmer 1), tentacles
a: Renounce Religion


You were on level 4 of the Dungeon.
You worshipped Sif Muna.
Sif Muna was noncommittal.
You visited 1 branch of the dungeon, and saw 4 of its levels.

You collected 184 gold pieces.

Inventory:

Hand Weapons
 a - a +0 dagger
 f - a +0 hand axe of venom (weapon)
Missiles
 c - 23 poisoned darts
 j - 5 curare-tipped darts
 l - 2 throwing nets
Jewellery
 g - a +4 ring of slaying (left tentacle)
Scrolls
 b - a scroll of noise {unknown}
 e - 5 scrolls of identify {unknown}
 h - 2 scrolls of teleportation {unknown}
 i - a scroll of immolation {unknown}
 k - 3 scrolls of magic mapping {unknown}
 m - 2 scrolls of vulnerability {unknown}
 n - a scroll of fog {unknown}
 o - 2 scrolls of enchant armour {unknown}
Potions
 d - a potion of might {unknown}


   Skills:
 + Level 0.5 Fighting
 + Level 1.4 Axes
 + Level 2.3 Dodging
 + Level 3.7 Stealth
 + Level 2.9 Spellcasting
 + Level 2.0 Conjurations
 + Level 3.9 Fire Magic


You had 8 spell levels left.
You knew the following spells:

 Your Spells              Type           Power      Damage    Failure   Level
a - Foxfire               Conj/Fire      56%        2x1d6     4%          1

Your spell library contained the following spells:

 Spells                   Type           Power      Damage    Failure   Level
 Scorch                   Fire           34%        2d6       4%          2
 Conjure Flame            Conj/Fire      14%        6-21      13%         3
 Animate Skeleton         Necr           4%         N/A       16%         1
 Pain                     Necr           8%         1d4       16%         1
 Inner Flame              Hex/Fire       10%        N/A       21%         3
 Ensorcelled Hibernation  Hex/Ice        4%         N/A       24%         2
 Flame Wave               Conj/Fire      14%        3d5       41%         4
 Tukima's Dance           Hex            2%         N/A       43%         3
 Vampiric Draining        Necr           1%         2d6       43%         3


Dungeon Overview and Level Annotations

Branches:
Dungeon (4/15)
 Temple: D:4-7

Altars:
Sif Muna
Trog

Shops:
D:3 :


Innate Abilities, Weirdness & Mutations

You cannot wear most types of armour.
You are amphibious.
You can wear up to eight rings at the same time.
Your skin changes colour to match your surroundings (Stealth+).
Your rubbery body absorbs attacks. (AC +1, EV +1)
((You are camouflaged near water. (Stealth+)))
You have tentacles for arms and can constrict up to eight enemies at once.


Message History

The adder is severely wounded.
Casting: Foxfire (safe; 4% risk of failure)
Confirm with . or Enter, or press ? or * to list all spells.
You conjure some foxfire!
The foxfire hits the adder.
The adder is almost dead.
The foxfire hits the adder.
You kill the adder!
Sif Muna accepts your kill.
A centaur comes into view.
The centaur wields a +0 shortbow.
The centaur shoots an arrow.
The arrow hits you.
An orc wizard comes into view. It is wielding a +3 dagger.
The orc wizard casts a spell at you. The magic dart hits you.
An orc comes into view. It is wielding a +0 whip.
Casting: Foxfire (safe; 4% risk of failure)
Confirm with . or Enter, or press ? or * to list all spells.
You conjure some foxfire!
A gnoll comes into view. It is wielding a +0 club.
Unknown command.
Casting: Foxfire (safe; 4% risk of failure)
Confirm with . or Enter, or press ? or * to list all spells.
You conjure some foxfire!
The foxfire hits the orc wizard.
The orc wizard is heavily wounded.
The foxfire hits the orc wizard.
The orc wizard is severely wounded.
The centaur shoots an arrow.
The arrow hits you!
The foxfire hits the orc wizard.
The orc wizard is almost dead.
The foxfire hits the orc wizard.
You kill the orc wizard!
Sif Muna accepts your kill.
The centaur shoots an arrow.
The arrow hits you!
* * * LOW HITPOINT WARNING * * *
You hear a shout!
Your Conjurations skill increases to level 2!
Unknown command.
Your foxfire dissipates!
The centaur shoots an arrow.
The arrow hits you!
You die...

. ...........# ##.....
.........##.###.......
..........##...........
#.......................
.....................#
#.#....#..........##
####............##
#..............#
#......§@...#.?#
#......§.§...#...
........§.§....# #.
........§.§.......#
..........§......###
........)v§......#
........oo.......#
.g......c...#
.............


You could see a centaur, an orc wizard (ally target), a gnoll and an orc.

Vanquished Creatures
  A hound (D:4)
  An orc wizard (D:4)
  4 adders
  3 dart slugs
  10 bats
  A bat zombie (D:1)
  5 endoplasms
  3 giant cockroaches
  5 goblins
  4 hobgoblins
  3 kobolds
  5 quokkas
  5 ball pythons
  5 frilled lizards
  A quokka zombie (D:1)
  5 rats
61 creatures vanquished.

Vanquished Creatures (others)
  136 foxfires
136 creatures vanquished.

Grand Total: 197 creatures vanquished

Notes
Turn   | Place    | Note
-------+----------+-------------------------------------------
     0 | D:1      | Conn the Octopode Fire Elementalist began the quest for the
                  | Orb.
     0 | D:1      | Reached XP level 1. HP: 11/11 MP: 3/3
   312 | D:1      | Reached XP level 2. HP: 17/17 MP: 0/5
   874 | D:1      | Reached XP level 3. HP: 21/21 MP: 6/6
  1271 | D:2      | Found a bloodstained altar of Trog.
  2375 | D:3      | Found a bloodstained altar of Trog.
  2608 | D:3      | Found a faded altar of an unknown god.
  3060 | D:3      | Reached XP level 4. HP: 22/27 MP: 7/7
  3309 | D:3      | Found Valuypok's Book Emporium.
  3315 | D:3      | Reached skill level 1 in Axes
  3369 | D:3      | Found a shimmering blue altar of Sif Muna.
  3374 | D:3      | Became a worshipper of Sif Muna the Loreminder
  3900 | D:4      | Reached XP level 5. HP: 26/31 MP: 3/9
  4001 | D:4      | Noticed a centaur
  4004 | D:4      | Shot with an arrow by a centaur

Illustrated notes

Levels and vault maps discovered:
D:1:      saegor_arrival_fortress, layout_basic, minmay_shallow_snake_nest
D:2:      layout_basic, basic_altar
D:3:      layout_basic, mainiacjoe_overflow_boulevard,
          nicolae_sif_muna_little_library, serial_glass, glass_columns_b,
          glass_columns_a, ebering_ecumenical_altar_mist, serial_shops, shop
D:4:      layout_cave_pools

Skill      XL: |  1  2  3  4  5 |
---------------+----------------+-----
Stealth        | 3 |  3.7
Axes           | 1 |  1.4
Conjurations   | 2 |  2.0
Fighting       | |  0.5
Dodging        | |  2.3
Spellcasting   | |  2.9
Fire Magic     | |  3.9

Action                   |  1- 3 |  4- 6 || total
-------------------------+-------+-------++-------
Melee: Constrict         |    10 |     3 ||    13
       Tentacles         |     4 |     2 ||     6
       Unarmed           |     1 |       ||     1
       Hand axe          |    26 |    10 ||    36
       Dagger            |     1 |       ||     1
 Cast: Foxfire           |    58 |    25 ||    83
 Stab: Sleeping          |     8 |       ||     8
Armor: Skin              |     4 |       ||     4
Dodge: Dodged            |    25 |    12 ||    37

Table legend: (Time is in decaauts)
 A = Elapsed time spent in this place.
 B = Non-inter-level travel time spent in this place.
 C = Inter-level travel time spent in this place.
 D = Time resting spent in this place.
 E = Time spent auto-exploring this place.
 F = Levels seen in this place.
 G = Mean time per level.
                   A        B        C        D        E       F      G
               +--------+--------+--------+--------+--------+-----+--------+
         Total |   4013 |   3910 |    103 |      0 |   3155 |   4 | 1003.2 |
       Dungeon |   4013 |   3910 |    103 |      0 |   3155 |   4 | 1003.2 |
               +--------+--------+--------+--------+--------+-----+--------+

Top non-repeatable levels by time:
     D:3: 1396 daAuts
     D:2: 1186 daAuts
     D:1: 1052 daAuts
     D:4: 377 daAuts
